 Dungeon Crawl Stone Soup version 0.32-a0-872-g59262bdc9b (webtiles) character file.

Game seed: 15633365878378896467

109 PimpSugar the Magician (level 4, -1/32 HPs)
             Began as a Demonspawn Hedge Wizard on Mar 31, 2024.
             Killed from afar by an orc wizard (10 damage)
             ... with a puff of flame
             ... created by the wrath of Beogh
             ... on level 4 of the Dungeon.
             The game lasted 00:20:26 (3537 turns).

PimpSugar the Magician (Demonspawn Hedge Wizard)    Turns: 3537, Time: 00:20:27

Health: -1/32      AC:  3    Str: 16    XL:     4   Next: 59%
Magic:  9/9        EV: 10    Int: 16    God:
Gold:   70         SH:  2    Dex: 13    Spells: 3/10 levels left

rFire   . . .        e - staff of air
rCold   . . .        o - -1 buckler "Oneibbuo" {Str+6}
rNeg    . . .        b - +0 robe
rPois   .            c - +0 hat
rElec   +            B - +0 cloak
rCorr   .            (no gloves)
SInv    .            (no boots)
Will    .....        w - amulet of magic regeneration
Stlth   ++           (no ring)
HPRegen 0.25/turn    (no ring)
MPRegen 0.51/turn

%: no passive effects
@: mighty, hasted, very quick
A: antennae 1, ignite blood 1
a: no special abilities


You were on level 4 of the Dungeon.
You visited 1 branch of the dungeon, and saw 4 of its levels.

You collected 70 gold pieces.

Inventory:

Hand Weapons
 a - a +1 dagger
Missiles
 f - 51 stones
 x - 10 poisoned darts
Armour
 b - a +0 robe (worn)
 c - a +0 hat (worn)
 g - a +0 leather armour
 o - the -1 buckler "Oneibbuo" (worn) {Str+6}
   (You found it on level 2 of the Dungeon)

   Str+6:     It affects your strength (+6).
 B - a +0 cloak (worn)
Magical Staves
 e - a staff of air (weapon)
 q - a staff of death
Jewellery
 w - an amulet of magic regeneration (around neck)
 A - the ring "Ezayttorgh" {rElec rF- MP-9 Dex+10 SInv}
   (You found it on level 3 of the Dungeon)

   [ring of see invisible]

   Dex+10:    It affects your dexterity (+10).
   rF-:       It makes you vulnerable to fire.
   rElec:     It insulates you from electricity.
   MP-9:      It affects your magic capacity (-9).
   SInv:      It lets you see invisible.
Talismans
 i - a blade talisman
 m - a flux talisman
Scrolls
 h - 3 scrolls of amnesia
 n - a scroll of revelation
Potions
 d - a potion of magic
 j - a potion of haste
 k - a potion of resistance
 l - a potion of degeneration
 r - a potion of attraction {unknown}
 s - a potion of lignification {unknown}
 u - 2 potions of brilliance {unknown}
 z - a potion of enlightenment {unknown}


   Skills:
 + Level 1.0 Fighting
 + Level 0.3 Staves
 - Level 2.0 Dodging
 + Level 2.1 Stealth
 + Level 0.3 Shields
 * Level 3.5 Spellcasting
 * Level 2.0 Conjurations
 + Level 1.5 Summonings
 + Level 0.5 Necromancy
 + Level 1.3 Translocations
 + Level 0.0 Fire Magic
 + Level 0.3 Air Magic
 + Level 0.3 Evocations
 + Level 0.1 Shapeshifting


You had 3 spell levels left.
You knew the following spells:

 Your Spells              Type           Power      Damage    Failure   Level
a - Magic Dart            Conj           36%        1d4       10%         1
b - Call Imp              Summ           14%        N/A       19%         2
c - Static Discharge      Conj/Air       18%        3-4/arc   22%         2
d - Scorch                Fire           6%         2d5       34%         2

Your spell library contained the following spells:

 Spells                   Type           Power      Damage    Failure   Level
 Necrotise                Necr           16%        1d4       19%         1
 Blink                    Tloc           14%        N/A       21%         2
 Slow                     Hex            8%         N/A       24%         1
 Cigotuvi's Dreadful Rot  Necr/Alch/Air  10%        N/A       32%         2
 Mephitic Cloud           Conj/Alch/Air  8%         N/A       45%         3
 Vampiric Draining        Necr           4%         2d6       50%         3
 Confusing Touch          Hex            2%         N/A       56%         3
 Flame Wave               Conj/Fire      6%         2d5       83%         4
 Martyr's Knell           Necr/Summ      6%         N/A       83%         4
 Summon Lightning Spire   Summ/Air       8%         N/A       83%         4
 Airstrike                Air            2%         2d(1-17)  90%         4
 Curse of Agony           Necr           4%         N/A       99%         5
 Summon Cactus Giant      Summ           3%         N/A       100%        6


Dungeon Overview and Level Annotations

Branches:
Dungeon (4/15)
 Temple: D:4-7

Altars:

Shops:
D:1 *?   D:2 =


Innate Abilities, Weirdness & Mutations

You have a pair of small antennae on your head.
Your demonic aura sometimes causes spilled blood to erupt in flames.


Message History

Confirm with . or Enter, or press ? or * to list all spells.
Flames lash the orc warrior.
The orc warrior is moderately wounded.
Your cerulean imp disappears in a puff of smoke!
The orc warrior unwields a +0 war axe.
The orc warrior wields a +0 orcbow.
The orc warrior shoots an arrow.
The arrow hits you!
Casting: Scorch (quite dangerous; 34% risk of failure)
Confirm with . or Enter, or press ? or * to list all spells.
Flames lash the orc warrior but do no damage.
The orc warrior shoots an arrow.
The arrow hits you.
The orc warrior shoots an arrow.
The arrow hits you!
* * * LOW HITPOINT WARNING * * *
Your magical contamination has completely faded away.
The orc warrior shoots an arrow.
The arrow hits you but does no damage.
An orc wizard is nearby!
You open the door.
There is an open door here.
Found a scroll of amnesia.
The orc wizard gestures at you while chanting.
You are confused.
A hobgoblin comes into view.
The hobgoblin shouts!
Found a spear.
The hobgoblin barely misses you.
You bump into the rock wall.
The hobgoblin hits you but does no damage.
You bump into the rock wall.
You feel very mighty all of a sudden.
You feel less confused. You block the hobgoblin's attack.
You closely miss the hobgoblin. You block the hobgoblin's attack.
You barely miss the hobgoblin.
The hobgoblin hits you but does no damage.
You closely miss the hobgoblin. You completely miss the hobgoblin.
The hobgoblin closely misses you.
The orc wizard gestures at you while chanting.
The magic dart hits you.
* * * LOW HITPOINT WARNING * * *
The orc wizard gestures at you while chanting.
The puff of flame hits you!
You die...
Beogh appreciates the orc wizard's killing of an apostate.

##. .. #.
#.######
#.###......
#......)..#
#.........#
#.........+
#.......@.#
#...?.g...#
#.........+
##........#
#.....#+##
##+####o###.#
#....##.# #.#
####....##.#
#.#
..oo....'..#
#.#


You could see an orc wizard and a hobgoblin.

Vanquished Creatures
  An orc priest (D:3)
  A dart slug (D:2)
  A ribbon worm (D:2)
  3 orcs
  5 ball pythons
  4 bats
  An endoplasm (D:3)
  3 giant cockroaches
  6 goblins
  4 hobgoblins
  5 jackals
  2 quokkas
  A frilled lizard (D:2)
  7 kobolds
  3 rats
47 creatures vanquished.

Vanquished Creatures (collateral kills)
  A ribbon worm (D:2)
  2 orcs (D:3)
  An endoplasm (D:1)
  A giant cockroach (D:1)
  A goblin (D:1)
  2 hobgoblins
  A jackal (D:4)
  3 kobolds
  A quokka (D:2)
  2 ball pythons
  A frilled lizard (D:1)
16 creatures vanquished.

Grand Total: 63 creatures vanquished

Notes
Turn   | Place    | Note
-------+----------+-------------------------------------------
     0 | D:1      | PimpSugar the Demonspawn Hedge Wizard began the quest for
                  | the Orb.
     0 | D:1      | Reached XP level 1. HP: 13/13 MP: 4/4
    48 | D:1      | Reached skill level 1 in Translocations
    60 | D:1      | Gained mutation: You have a pair of small antennae on your
                  | head. [demonic ancestry]
    60 | D:1      | Reached XP level 2. HP: 3/19 MP: 0/6
   165 | D:1      | Found Wassahom's General Store.
   222 | D:1      | Learned a level 2 spell: Call Imp
   486 | D:1      | Found Rixtupre's Magic Scroll Boutique.
  1051 | D:2      | Reached XP level 3. HP: 25/25 MP: 5/7
  1085 | D:2      | Found Molij's Jewellery Shop.
  1573 | D:2      | Identified the -1 buckler "Oneibbuo" {Str+6}
  1698 | D:2      | Learned a level 2 spell: Static Discharge
  2302 | D:2      | Identified a scroll of acquirement
  2302 | D:2      | Acquired a staff of air
  2308 | D:2      | Learned a level 2 spell: Scorch
  2325 | D:3      | Reached skill level 1 in Fighting
  2325 | D:3      | Gained mutation: Your demonic aura sometimes causes spilled
                  | blood to erupt in flames. [demonic ancestry]
  2325 | D:3      | Reached XP level 4. HP: 32/32 MP: 5/9
  2844 | D:3      | Became a worshipper of Beogh the Shepherd
  2944 | D:3      | Fell from the grace of Beogh
  3189 | D:3      | Identified the ring "Ezayttorgh" {rElec rF- MP-9 Dex+10
                  | SInv}
  3497 | D:4      | Noticed an orc warrior
  3537 | D:4      | Killed from afar by an orc wizard

Illustrated notes

Levels and vault maps discovered:
D:1:      psy_arrival_terrarium, layout_rooms, serial_shops, shop,
          nicolae_shop_rolled_up
D:2:      kennysheep_six_static_rooms, layout_basic, serial_shops,
          nicolae_lakefront_shop
D:3:      layout_loops_ring, st_stairs_14
D:4:      layout_basic, kennysheep_mini

Skill      XL: |  1  2  3 |
---------------+----------+-----
Translocations | 1 |  1.3
Dodging        | 2 |  2.0
Stealth        | 2 |  2.1
Fighting       | 1 |  1.0
Conjurations   | 2 |  2.0
Staves         | |  0.3
Shields        | |  0.3
Spellcasting   | |  3.5
Summonings     | |  1.5
Necromancy     | |  0.5
Air Magic      | |  0.3
Evocations     | |  0.3
Shapeshifting  | |  0.1

Action                     |  1- 3 |  4- 6 || total
---------------------------+-------+-------++-------
  Melee: Dagger            |   108 |       ||   108
         Staff             |     5 |    37 ||    42
   Cast: Magic Dart        |    39 |    14 ||    53
         Call Imp          |    13 |     3 ||    16
         Static Discharge  |     2 |     8 ||    10
         Scorch            |     2 |     7 ||     9
 Invoke: Renounce Religion |       |     1 ||     1
         Convert to Beogh  |       |     1 ||     1
    Use: Scroll            |     9 |     3 ||    12
         Potion            |     2 |     2 ||     4
 Armour: Robe              |    75 |    71 ||   146
  Dodge: Dodged            |    91 |    25 ||   116
  Block: Buckler           |     2 |     7 ||     9

Table legend: (Time is in decaauts)
 A = Elapsed time spent in this place.
 B = Non-inter-level travel time spent in this place.
 C = Inter-level travel time spent in this place.
 D = Time resting spent in this place.
 E = Time spent auto-exploring this place.
 F = Levels seen in this place.
 G = Mean time per level.
                   A        B        C        D        E       F      G
               +--------+--------+--------+--------+--------+-----+--------+
         Total |   3531 |   3067 |    464 |    214 |   1859 |   4 |  882.8 |
       Dungeon |   3531 |   3067 |    464 |    214 |   1859 |   4 |  882.8 |
               +--------+--------+--------+--------+--------+-----+--------+

Top non-repeatable levels by time:
     D:2: 1441 daAuts
     D:3: 1168 daAuts
     D:1: 868 daAuts
     D:4: 53 daAuts
